 Dungeon Sprint DCSS version 0.20-a0-809-gaf7f668 (webtiles) character file.

13100000 esc the Conqueror (level 27, -19/249 HPs)
             Began as a Demonspawn Warper on Mar 3, 2017.
             Was the Champion of Makhleb.
             Killed from afar by a large bag of meat (22 damage)
             ... with an exploding inner flame
             ... in the Dungeon (Sprint VIII: "Arena of Blood").
             The game lasted 00:05:25 (131 turns).

esc the Conqueror (Demonspawn Warper)                Turns: 131, Time: 00:05:25

Health: -19/249    AC:  6    Str: 20    XL:     27
Magic:  0/54       EV: 30    Int: 18    God:    Makhleb [******]
Gold:   0          SH:  8    Dex: 14    Spells: 78/80 levels left

rFire    . . .     SeeInvis .   l - +∞ Axe of Woe
rCold    . . .     Gourm    .   b - +0 leather armour
rNeg     . . .     Faith    .   (shield currently unavailable)
rPois    .         Spirit   +   (no helmet)
rElec    .         Reflect  .   (no cloak)
rCorr    .         Harm     .   (no gloves)
MR       ++...     NoTele   +   (boots unavailable)
Stlth    ++++++++++             (no amulet)
Regen    0.6/turn               (no ring)
MPRegen  0.7/turn               (no ring)

@: no status effects
A: hooves 3, large bone plates 3, nightstalker 3, augmentation 3, magic shield,
magic regeneration, magic link
a: Minor Destruction, Lesser Servant of Makhleb, Major Destruction, Greater
Servant of Makhleb, Renounce Religion


You were in the Dungeon.
You worshipped Makhleb.
Makhleb was exalted by your worship.
You were not hungry.

You visited 1 branch

Inventory:

Hand Weapons
 a - a +0 hand axe
 l - the +∞ Axe of Woe (weapon)
   (You found it in the Dungeon)
Missiles
 e - 5 tomahawks of dispersal {=f}
Armour
 b - a +0 leather armour (worn)
Scrolls
 d - 2 scrolls of blinking {!r}
Potions
 i - a potion of haste
 j - 2 potions of magic
 k - a potion of berserk rage {!q}
Books
 c - a book of Spatial Translocations
Comestibles
 f - a bread ration {@e1}


   Skills:
 O Level 27 Fighting
 O Level 27 Axes
 O Level 27 Throwing
 O Level 27 Armour
 O Level 27 Dodging
 O Level 27 Stealth
 O Level 27 Unarmed Combat
 O Level 27 Spellcasting
 O Level 27 Translocations
 O Level 27 Invocations


You had 78 spell levels left.
You knew the following spells:

 Your Spells              Type           Power        Failure   Level  Hunger
b - Blink                 Tloc           N/A          0%          2    None


Dungeon Overview and Level Annotations

Branches:
Dungeon (1/1)

Altars:
Makhleb


Innate Abilities, Weirdness & Mutations

You have hooves in place of feet.
You are completely covered in large bone plates. (SH +8)
You are completely attuned to the shadows.
Your magical and physical power is greatly enhanced at high health.
When hurt, damage is shared between your health and your magic reserves.
You regenerate magic rapidly.
When low on magic, you restore magic in place of health.


Message History

You hear a shout!
The bag of meat is engulfed in blazing flames.
The fleshlord appears out of thin air!
A fleshlord comes into view. It is wielding a +9 great mace.
You hear a shout! x2
The scourge breathes poison at you. The blast of poison misses you.
You hear a shout!
A sea snake and a hydra come into view.
You regained 92 hp, and now have 165/249 hp.
Unknown command.
Unknown command.
Unknown command.
The fleshlord shouts!
You slice the bag of meat!! You chop the bag of meat into pieces.
You kill the bag of meat!
Makhleb accepts your kill.
You feel better.
You slice the bag of meat!!
You butcher the bag of meat messily.
You kill the bag of meat!
Makhleb accepts your kill.
You feel better.
You are engulfed in poison gas.
You are poisoned.
You feel sick.
You hear a shout! x2; You feel something staring at you.
A fireball appears from out of thin air!
The fireball explodes!
Deactivating autopickup; reactivate with Ctrl-A.
The fireball engulfs you!
You hear a shout!
The bag of meat moves out of view.
You hear a shout!
The scourge throws poison at you. The bolt of poison hits you!
You are more poisoned.
The dread is engulfed in blazing flames.
The dread throws damnation at you.
The sphere of damnation explodes!
The damnation engulfs you!
You hear a shout! x2
The eight-headed meat hydra is engulfed in blazing flames.
You hear a shout!
An eight-headed meat hydra comes into view.
The eight-headed meat hydra roars!
You hear a shout! x2
An orc and a hell beast come into view.
Unknown command.
Unknown command.
You take 56 damage, and have 109/249 hp.
MASSIVE DAMAGE!!
You now have 2/54 mp.
Unknown command.
Unknown command.
Okay, then.
Unknown command.
You blink.
A bag of meat comes into view. It is wielding a +9 war axe.
You feel very sick.
You hear a shout! x3
The large bag of meat is engulfed in blazing flames.
You hear a shout!
You feel something staring at you. Something smites you!
You block the scourge's attack.
You hear a shout! x3
The dread is engulfed in blazing flames.
The dread calls on the powers of darkness!
The eight-headed meat hydra convulses!
The large bag of meat convulses!
Your body is wracked with pain!
* * * LOW HITPOINT WARNING * * *
The scourge convulses!
You take 61 damage, and have 48/249 hp.
MASSIVE DAMAGE!!
You now have 1/54 mp.
Unknown command.
Unknown command.
Unknown command.
You cut the scourge into ribbons!!!
You dissect the scourge like a pig carcass.
You kill the scourge!
Makhleb accepts your kill.
You feel better.
You feel very sick.
You hear a shout! x4
You regained 55 hp, and now have 103/249 hp.
You feel better.
You hear a shout! x3
The dread is engulfed in blazing flames.
The eight-headed meat hydra is engulfed in blazing flames.
You hear a shout!
The large bag of meat hits you with a +9 giant spiked club!!
The large bag of meat hits you with a +9 giant spiked club!!!!
* * * LOW HITPOINT WARNING * * *
The eight-headed meat hydra is engulfed in blazing flames.
You hear a shout! x2
You take 100 damage, and have 3/249 hp.
MASSIVE DAMAGE!!
You now have 0/54 mp.
You hit the large bag of meat but do no damage.
You dissect the large bag of meat like a pig carcass.
The large bag of meat explodes!
The fiery explosion engulfs the eight-headed meat hydra.
The fiery explosion engulfs you!
You die...

.... .... ..S .....
.... #..2...D# ....
. #.. ....# ....
..###.. §2§###o...
.......###WD§§@....
.......§§§)§D§§....
#.%§§p#.%.....
#_§S§§#.%%....
#.%§p§#......#
...o._D...§.
......###......
.###.. ..%###. #..
...#


You could see a meat beast, 2 eight-headed meat hydras, a fleshlord, a dread and
a bag of meat.

Vanquished Creatures
  3 hell beasts (D)
  3 greater mummies (D)
  3 great orbs of eyes (D)
  4 wraiths (D)
  16 vampire knights (D)
  30 ogres (D)
  4 two-headed ogres (D)
  4 liches (D)
  2 hydras (D)
  35 orcs (D)
  2 phantoms (D)
  2 skeletal warriors (D)
  A sea snake (D)
  3 large abominations (D)
  3 small abominations (D)
  3 crawling corpses (D)
118 creatures vanquished.

Notes
Turn   | Place    | Note
-------+----------+-------------------------------------------
     0 | D        | esc the Demonspawn Warper began the quest for the Orb.
     0 | D        | Reached XP level 1. HP: 16/16 MP: 3/3
     3 | D        | Noticed a meat berserker
     5 | D        | Killed a meat berserker
     5 | D        | Reached skill level 16 in Fighting
     5 | D        | Reached skill level 15 in Axes
     5 | D        | Reached skill level 15 in Armour
     5 | D        | Reached skill level 15 in Dodging
     5 | D        | Gained mutation: When hurt, damage is shared between your health and your magic reserves. [demonic ancestry]
     5 | D        | Reached XP level 2. HP: 46/46 MP: 5/5
     5 | D        | Reached XP level 3. HP: 52/52 MP: 6/6
     5 | D        | Gained mutation: You have large cloven feet. [demonic ancestry]
     5 | D        | Reached XP level 4. HP: 59/59 MP: 7/7
     5 | D        | Gained mutation: You are partially covered in large bone plates. (SH +4) [demonic ancestry]
     5 | D        | Reached XP level 5. HP: 66/66 MP: 8/8
     5 | D        | Reached XP level 6. HP: 73/73 MP: 9/9
     5 | D        | Reached XP level 7. HP: 79/79 MP: 10/10
     5 | D        | Reached XP level 8. HP: 86/86 MP: 11/11
     5 | D        | Gained mutation: You regenerate magic rapidly. [demonic ancestry]
     5 | D        | Reached XP level 9. HP: 92/92 MP: 12/12
     5 | D        | Gained mutation: When low on magic, you restore magic in place of health. [demonic ancestry]
     5 | D        | Reached XP level 10. HP: 100/100 MP: 13/13
     5 | D        | Gained mutation: You are mostly covered in large bone plates. (SH +6) [demonic ancestry]
     5 | D        | Reached XP level 11. HP: 106/106 MP: 14/14
     5 | D        | Gained mutation: You have hoof-like feet. [demonic ancestry]
     5 | D        | Reached XP level 12. HP: 113/113 MP: 15/15
     5 | D        | Reached XP level 13. HP: 119/119 MP: 16/16
     7 | D        | Noticed a meat berserker
     8 | D        | Noticed a bag of meat
     9 | D        | Noticed a meat berserker
     9 | D        | Learned a level 2 spell: Blink
     9 | D        | Killed a bag of meat
     9 | D        | Reached skill level 18 in Fighting
     9 | D        | Reached skill level 16 in Axes
     9 | D        | Reached skill level 16 in Armour
     9 | D        | Reached skill level 16 in Dodging
    10 | D        | Killed a meat berserker
    10 | D        | Reached skill level 20 in Fighting
    10 | D        | Reached skill level 18 in Axes
    10 | D        | Reached skill level 18 in Armour
    10 | D        | Reached skill level 18 in Dodging
    10 | D        | Reached XP level 14. HP: 112/136 MP: 13/17
    11 | D        | Noticed a bag of meat
    11 | D        | Noticed a meat berserker
    11 | D        | Noticed a bag of meat
    11 | D        | Noticed a meat berserker
    12 | D        | Noticed a meat berserker
    12 | D        | Noticed a bag of meat
    12 | D        | Killed a meat berserker
    12 | D        | Reached skill level 22 in Fighting
    12 | D        | Reached skill level 20 in Axes
    12 | D        | Reached skill level 20 in Armour
    12 | D        | Reached skill level 20 in Dodging
    12 | D        | Gained mutation: You are slightly more attuned to the shadows. [demonic ancestry]
    12 | D        | Reached XP level 15. HP: 121/146 MP: 13/18
    13 | D        | Noticed a meat berserker
    13 | D        | Became a worshipper of Makhleb the Destroyer
    14 | D        | Killed a meat berserker
    14 | D        | Reached skill level 23 in Fighting
    14 | D        | Reached skill level 22 in Axes
    14 | D        | Reached skill level 21 in Armour
    14 | D        | Reached skill level 22 in Dodging
    14 | D        | Gained mutation: Your magical and physical power is slightly enhanced at high health. [demonic ancestry]
    14 | D        | Reached XP level 16. HP: 71/157 MP: 9/19
    14 | D        | Killed a meat berserker
    14 | D        | Reached * piety under Makhleb
    14 | D        | Reached skill level 25 in Fighting
    14 | D        | Reached skill level 23 in Axes
    14 | D        | Reached skill level 23 in Armour
    14 | D        | Reached skill level 23 in Dodging
    14 | D        | Killed a meat berserker
    14 | D        | Reached skill level 26 in Fighting
    14 | D        | Reached skill level 24 in Axes
    14 | D        | Reached skill level 24 in Armour
    14 | D        | Reached skill level 24 in Dodging
    14 | D        | Reached XP level 17. HP: 77/171 MP: 9/20
    17 | D        | Noticed a meat berserker
    17 | D        | Killed a meat berserker
    17 | D        | Reached skill level 27 in Fighting
    17 | D        | Reached skill level 25 in Axes
    17 | D        | Reached skill level 25 in Armour
    17 | D        | Reached skill level 25 in Dodging
    17 | D        | Reached skill level 12 in Invocations
    18 | D        | Reached ** piety under Makhleb
    18 | D        | Reached skill level 15 in Invocations
    18 | D        | Gained mutation: You have hooves in place of feet. [demonic ancestry]
    18 | D        | Reached XP level 18. HP: 113/182 MP: 10/29
    19 | D        | Reached skill level 26 in Axes
    19 | D        | Reached skill level 26 in Armour
    19 | D        | Reached skill level 26 in Dodging
    19 | D        | Reached skill level 17 in Invocations
    20 | D        | Reached skill level 19 in Invocations
    21 | D        | Killed a meat berserker
    21 | D        | Reached *** piety under Makhleb
    21 | D        | Reached skill level 27 in Axes
    21 | D        | Reached skill level 27 in Armour
    21 | D        | Reached skill level 27 in Dodging
    21 | D        | Reached skill level 27 in Invocations
    21 | D        | Reached skill level 3 in Throwing
    21 | D        | Reached skill level 3 in Stealth
    21 | D        | Reached skill level 3 in Unarmed Combat
    21 | D        | Reached skill level 3 in Spellcasting
    21 | D        | Reached skill level 4 in Translocations
    21 | D        | Gained mutation: You are significantly more attuned to the shadows. [demonic ancestry]
    21 | D        | Reached XP level 19. HP: 189/189 MP: 12/36
    26 | D        | Reached skill level 7 in Throwing
    26 | D        | Reached skill level 7 in Stealth
    26 | D        | Reached skill level 6 in Unarmed Combat
    26 | D        | Reached skill level 7 in Spellcasting
    26 | D        | Reached skill level 7 in Translocations
    27 | D        | Reached skill level 9 in Throwing
    27 | D        | Reached skill level 10 in Stealth
    27 | D        | Reached skill level 9 in Unarmed Combat
    27 | D        | Reached skill level 9 in Spellcasting
    27 | D        | Reached skill level 9 in Translocations
    29 | D        | Reached **** piety under Makhleb
    29 | D        | Reached skill level 11 in Throwing
    29 | D        | Reached skill level 12 in Stealth
    29 | D        | Reached skill level 11 in Unarmed Combat
    29 | D        | Reached skill level 11 in Spellcasting
    29 | D        | Reached skill level 11 in Translocations
    31 | D        | Reached skill level 12 in Throwing
    31 | D        | Reached skill level 13 in Stealth
    31 | D        | Reached skill level 12 in Unarmed Combat
    31 | D        | Reached skill level 12 in Spellcasting
    31 | D        | Reached skill level 12 in Translocations
    34 | D        | Noticed a meat berserker
    35 | D        | Noticed a destroyer
    36 | D        | Reached skill level 13 in Throwing
    36 | D        | Reached skill level 14 in Stealth
    36 | D        | Reached skill level 13 in Unarmed Combat
    36 | D        | Reached skill level 13 in Spellcasting
    36 | D        | Reached skill level 13 in Translocations
    36 | D        | Gained mutation: You are completely covered in large bone plates. (SH +8) [demonic ancestry]
    36 | D        | Reached XP level 20. HP: 197/197 MP: 23/37
    38 | D        | Noticed a destroyer
    38 | D        | Killed a meat berserker
    38 | D        | Reached skill level 15 in Throwing
    38 | D        | Reached skill level 16 in Stealth
    38 | D        | Reached skill level 15 in Unarmed Combat
    38 | D        | Reached skill level 15 in Spellcasting
    38 | D        | Reached skill level 15 in Translocations
    40 | D        | Noticed a destroyer
    40 | D        | Killed a destroyer
    40 | D        | Reached ***** piety under Makhleb
    40 | D        | Reached skill level 18 in Throwing
    40 | D        | Reached skill level 19 in Stealth
    40 | D        | Reached skill level 18 in Unarmed Combat
    40 | D        | Reached skill level 18 in Spellcasting
    40 | D        | Reached skill level 18 in Translocations
    41 | D        | Killed a destroyer
    41 | D        | Reached skill level 19 in Throwing
    41 | D        | Reached skill level 21 in Stealth
    41 | D        | Reached skill level 19 in Unarmed Combat
    41 | D        | Reached skill level 19 in Spellcasting
    41 | D        | Reached skill level 20 in Translocations
    41 | D        | Reached XP level 21. HP: 204/204 MP: 25/44
    42 | D        | Killed a destroyer
    42 | D        | Reached skill level 21 in Throwing
    42 | D        | Reached skill level 23 in Stealth
    42 | D        | Reached skill level 21 in Unarmed Combat
    42 | D        | Reached skill level 21 in Spellcasting
    42 | D        | Reached skill level 21 in Translocations
    42 | D        | Reached skill level 22 in Throwing
    42 | D        | Reached skill level 22 in Unarmed Combat
    42 | D        | Reached skill level 22 in Spellcasting
    42 | D        | Reached skill level 22 in Translocations
    44 | D        | Reached skill level 24 in Stealth
    45 | D        | Noticed a destroyer
    45 | D        | Noticed a destroyer
    45 | D        | Reached skill level 23 in Throwing
    45 | D        | Reached skill level 23 in Unarmed Combat
    45 | D        | Reached skill level 23 in Spellcasting
    45 | D        | Reached skill level 23 in Translocations
    45 | D        | Reached XP level 22. HP: 212/212 MP: 28/49
    46 | D        | Noticed a destroyer
    46 | D        | Noticed a tyrant
    47 | D        | Reached skill level 25 in Stealth
    47 | D        | Killed a destroyer
    47 | D        | Reached ****** piety under Makhleb
    47 | D        | Reached skill level 24 in Throwing
    47 | D        | Reached skill level 26 in Stealth
    47 | D        | Reached skill level 24 in Unarmed Combat
    47 | D        | Reached skill level 24 in Spellcasting
    47 | D        | Reached skill level 24 in Translocations
    48 | D        | Reached skill level 25 in Throwing
    48 | D        | Reached skill level 25 in Unarmed Combat
    48 | D        | Reached skill level 25 in Spellcasting
    48 | D        | Reached skill level 25 in Translocations
    49 | D        | Noticed a destroyer
    49 | D        | Reached skill level 27 in Stealth
    49 | D        | Killed a destroyer
    49 | D        | Reached skill level 26 in Throwing
    49 | D        | Reached skill level 26 in Unarmed Combat
    49 | D        | Reached skill level 26 in Spellcasting
    49 | D        | Reached skill level 26 in Translocations
    49 | D        | Reached XP level 23. HP: 219/219 MP: 28/53
    49 | D        | Killed a destroyer
    49 | D        | Reached skill level 27 in Throwing
    49 | D        | Reached skill level 27 in Unarmed Combat
    49 | D        | Reached skill level 27 in Spellcasting
    49 | D        | Reached skill level 27 in Translocations
    50 | D        | Noticed a destroyer
    53 | D        | Killed a destroyer
    53 | D        | Reached XP level 24. HP: 227/227 MP: 31/54
    54 | D        | Killed a destroyer
    61 | D        | HP: 43/227 [??? (32)]
    63 | D        | Killed a tyrant
    64 | D        | Noticed a tyrant
    65 | D        | Noticed a dread
    67 | D        | Gained mutation: Your magical and physical power is enhanced at high health. [demonic ancestry]
    67 | D        | Reached XP level 25. HP: 154/234 MP: 4/54
    73 | D        | Noticed a destroyer
    73 | D        | Noticed an accursed
    73 | D        | Killed a tyrant
    73 | D        | Killed a dread
    73 | D        | Gained mutation: You are completely attuned to the shadows. [demonic ancestry]
    73 | D        | Reached XP level 26. HP: 242/242 MP: 8/54
    76 | D        | Noticed a meat beast
    77 | D        | Killed a meat beast
    77 | D        | Gained mutation: Your magical and physical power is greatly enhanced at high health. [demonic ancestry]
    77 | D        | Reached XP level 27. HP: 159/249 MP: 6/54
    78 | D        | HP: 48/249 [??? (41)]
    80 | D        | Noticed a large bag of meat
    80 | D        | Killed an accursed
    81 | D        | Killed a destroyer
    85 | D        | Noticed a destroyer
    86 | D        | Noticed a dread
    86 | D        | Killed a large bag of meat
    91 | D        | Noticed a meat beast
    92 | D        | Noticed an accursed
    92 | D        | Noticed an accursed
    92 | D        | Killed a meat beast
    92 | D        | Killed a dread
    94 | D        | Killed a destroyer
    95 | D        | Noticed a destroyer
    95 | D        | Killed an accursed
    98 | D        | Noticed a destroyer
    99 | D        | Noticed a large bag of meat
    99 | D        | Killed an accursed
   100 | D        | Noticed a dread
   101 | D        | Killed a destroyer
   102 | D        | Noticed a destroyer
   102 | D        | Killed a destroyer
   103 | D        | Noticed a dread
   103 | D        | Noticed a large bag of meat
   104 | D        | Noticed a tyrant
   104 | D        | Noticed a tyrant
   104 | D        | Killed a destroyer
   105 | D        | Killed a dread
   105 | D        | Killed a dread
   106 | D        | Killed a large bag of meat
   107 | D        | Noticed a destroyer
   107 | D        | Noticed a meat beast
   107 | D        | Noticed a large bag of meat
   108 | D        | Killed a large bag of meat
   109 | D        | Noticed a destroyer
   110 | D        | Killed a meat beast
   110 | D        | Killed a tyrant
   111 | D        | Killed a tyrant
   112 | D        | Killed a destroyer
   113 | D        | Noticed a destroyer
   113 | D        | Noticed an accursed
   113 | D        | Killed a destroyer
   118 | D        | Killed a destroyer
   123 | D        | Noticed a large bag of meat
   123 | D        | Noticed a dread
   125 | D        | Killed a large bag of meat
   127 | D        | Noticed a fleshlord
   128 | D        | Noticed a meat beast
   128 | D        | HP: 48/249 [??? (43)]
   130 | D        | HP: 3/249 [large bag of meat/+9 giant spiked club (76)]
   131 | D        | Killed a large bag of meat
   131 | D        | Killed from afar by a large bag of meat

Vault maps used:
D:        meatsprint

Skill      XL: |  1  2  3  4  5  6  7  8  9 10 11 12 13 14 15 16 17 18 19 20 21 22 23 |
---------------+----------------------------------------------------------------------+-----
Fighting       | 16 20 22 23 26 27 | 27.0
Axes           | 15 18 20 22 24 25 27 | 27.0
Armour         | 15 18 20 21 24 25 27 | 27.0
Dodging        | 15 18 20 22 24 25 27 | 27.0
Invocations    | 15 27 | 27.0
Throwing       | 3 13 19 23 26 27 | 27.0
Stealth        | 3 14 21 24 27 | 27.0
Unarmed Combat | 3 13 19 23 26 27 | 27.0
Spellcasting   | 3 13 19 23 26 27 | 27.0
Translocations | 4 13 20 23 26 27 | 27.0

Action                   |  1- 3 |  4- 6 |  7- 9 | 10-12 | 13-15 | 16-18 | 19-21 | 22-24 | 25-27 || total
-------------------------+-------+-------+-------+-------+-------+-------+-------+-------+-------++-------
Melee: Executioner's axe |     1 |       |       |       |     4 |     5 |    11 |    14 |    46 ||    81
 Cast: Blink             |       |       |       |       |       |       |       |       |     1 ||     1
  Use: Potion            |       |       |       |       |       |     1 |       |       |     1 ||     2
Armor: Leather armour    |       |       |       |       |       |       |       |     1 |     1 ||     2
Dodge: Dodged            |       |       |       |       |       |       |       |     2 |    12 ||    14
Block: Other             |       |       |       |       |       |       |     1 |       |     6 ||     7

Vault maps used:
D:        meatsprint

Table legend:
 A = Turns spent in this place as a percentage of turns spent in the entire game.
 B = Non-inter-level travel turns spent in this place as a percentage of non-inter-level travel turns spent in the entire game.
 C = Inter-level travel turns spent in this place as a percentage of turns spent in this place.
 D = Turns resting spent in this place as a percentage of non-inter-level travel turns spent in this place.
 E = Turns spent auto-exploring this place as a percentage of non-inter-level travel turns spent in this place.
 F = Non-inter-level travel turns spent in this place divided by the number of levels of this place that you've seen.
                   A       B       C       D       E      F
               +-------+-------+-------+-------+-------+----------------------
         Total | 100.0 | 100.0 |   0.0 |   0.0 |   0.0 | 194.0
       Dungeon | 100.0 | 100.0 |   0.0 |   0.0 |   0.0 | 194.0
               +-------+-------+-------+-------+-------+----------------------

Table legend:
 A = Kills in this place as a percentage of kills in entire the game.
 B = Kills by you in this place as a percentage of kills by you in the entire game.
 C = Kills by friends in this place as a percentage of kills by friends in the entire game.
 D = Other kills in this place as a percentage of other kills in the entire game.
 E = Experience gained in this place as a percentage of experience gained in the entire game.
 F = Experience gained in this place divided by the number of levels of this place that you have seen.
                   A       B       C       D       E      F
               +-------+-------+-------+-------+-------+----------------------
         Total | 100.0 | 100.0 |  -nan |  -nan | 100.0 | 3890947.0
       Dungeon | 100.0 | 100.0 |  -nan |  -nan | 100.0 | 3890947.0
               +-------+-------+-------+-------+-------+----------------------
